 Dungeon Crawl Stone Soup version 0.29.1-13-g9f3cf754e1 (webtiles) character file.

Game seed: 11344586134734298032

1236 shadowmeld the Ducker (level 8, -4/56 HPs)
             Began as a Djinni Transmuter on Jan 31, 2023.
             Was an Initiate of Ashenzari.
             Slain by a sky beast (6 damage)
             ... on level 6 of the Dungeon.
             The game lasted 00:34:44 (8220 turns).

shadowmeld the Ducker (Djinni Transmuter)           Turns: 8220, Time: 00:34:45

Health: -4/56      AC:  2    Str:  9    XL:     8   Next: 78%
Gold:   221        EV: 22    Int: 17    God:    Ashenzari [......] SH:  0 Dex: 19

rFire   . . .      SeeInvis .     - Unarmed
rCold   . . .      Faith    .   (shield currently unavailable)
rNeg    . . .      Spirit   .   (body armour currently unavailable)
rPois   ∞          Reflect  .   (helmet currently unavailable)
rElec   .          Harm     .   (cloak currently unavailable)
rCorr   .          Rampage  .   (gloves currently unavailable)
Will    +....                   (boots unavailable)
Stlth   ++........              (no amulet)
HPRegen 0.18/turn               F - ring of willpower
MPRegen 0.00/turn               (no ring)

@: about to teleport, spider-form, flying
A: venomous fangs, flying, sickness immunity, tiny, (fire resistance 2), (cold
vulnerability 1), float, innate caster, HP casting, extra vitality 1
a: End Transformation, Renounce Religion, Shatter the Chains


You were on level 6 of the Dungeon.
You worshipped Ashenzari.
Ashenzari was noncommittal.
You were a venomous arachnid creature.
You visited 2 branches of the dungeon, and saw 7 of its levels.

You collected 233 gold pieces.
You spent 12 gold pieces at shops.

Inventory:

Missiles
 A - 2 boomerangs of dispersal
Armour
 a - a +0 robe
 o - the cursed +2 robe "Ruined Prison" (melded) {Will+, Cun, Self}
   (You took it off a gnoll bouda on level 5 of the Dungeon)

   It has a curse which improves the following skills: Cunning: Dodging and
   Stealth.
   Introspection: Fighting and Spellcasting.
 t - a +0 helmet (melded)
 D - a +0 buckler
Jewellery
 F - a ring of willpower (left front leg)
Wands
 i - a wand of polymorph (8)
 p - a wand of digging (7)
 v - a wand of flame (29) (quivered)
Scrolls
 b - a scroll of amnesia {unknown}
 c - a scroll of summoning {unknown}
 e - 3 scrolls of immolation
 g - a scroll of acquirement {unknown}
 h - 2 scrolls of teleportation
 k - 2 scrolls of vulnerability {unknown}
 r - 3 scrolls of poison
 s - 3 scrolls of enchant weapon {unknown}
 u - 2 scrolls of fear {unknown}
 x - 2 scrolls of identify
 y - a scroll of butterflies {unknown}
 z - a scroll of noise {unknown}
 B - a scroll of torment {unknown}
Potions
 d - a potion of berserk rage {unknown}
 f - 3 potions of resistance
 j - a potion of attraction {unknown}
 l - a potion of curing {unknown}
 m - 2 potions of invisibility {unknown}
 n - a potion of brilliance {unknown}
 q - a potion of ambrosia {unknown}
 w - 2 potions of flight {unknown}
 C - a potion of heal wounds {unknown}
 E - a potion of degeneration {unknown}


   Skills:
 * Level 3.2 Fighting
 * Level 3.0 Armour
 * Level 5.0 Dodging
 - Level 4.9 Unarmed Combat
 * Level 4.9 Spellcasting
 + Level 1.8 Evocations


You couldn't memorise any spells.
You knew the following spells:

 Your Spells              Type           Power      Damage    Failure   Level
a - Beastly Appendage     Tmut           42%        N/A       8%          1
b - Wereblood             Tmut           21%        N/A       10%         2
c - Spider Form           Tmut/Pois      21%        N/A       16%         3
d - Ice Form              Ice/Tmut       21%        N/A       38%         4
e - Sting                 Tmut/Pois      84%        1d7       8%          1
f - Passwall              Tmut/Erth      17%        N/A       10%         2
g - Swiftness             Air            21%        N/A       16%         3
Your spell library was empty.

Dungeon Overview and Level Annotations

Branches:
Dungeon (6/15)             Temple (1/1) D:5

Altars:
Ashenzari
Cheibriados
Dithmenos
Elyvilon
Fedhas
Makhleb
Nemelex Xobeh
Okawaru
Qazlal
Ru
Trog
Wu Jian
Xom
Yredelemnul
The Shining One

Shops:
D:4 *

Annotations:
D:6 1 runed translucent door, mikeweasel's ghost, novice MiFi


Innate Abilities, Weirdness & Mutations

You are a venomous arachnid creature.
You have poisonous fangs.
You are tiny and dextrous.
You are flying.
Your spellcasting is less reliable in this form.
Your armour is entirely melded.
You are incapable of wielding weapons or throwing items.
You are immune to sickness and miasma.
You are immune to poison.
((Your flesh is very heat resistant. (rF++)))
((You are vulnerable to cold. (rC-)))
You float through the air rather than walking.
You learn spells naturally, not from books.
Your magical power is your life essence.
You have superior vitality. (+4 MHP)


Message History

Deactivating autopickup; reactivate with Ctrl-A.
Something hits you. Something shocks you.
You miss something. Your headbutt misses something. You barely miss something.
You headbutt something. Something hits you but does no damage.
You hit something but do no damage. Something hits you but does no damage.
You closely miss something. Something hits you but does no damage.
Casting: Beastly Appendage (safe; 1% risk of failure)
Confirm with . or Enter, or press ? or * to list all spells.
Your horns disappear.
Your +0 helmet unmelds from your body.
You turn into a venomous arachnid creature.
Your +0 helmet melds into your body.
The cursed +2 robe "Ruined Prison" {Will+, Cun, Self} melds into your body.
You feel less strong-willed. Something hits you. Something shocks you.
You closely miss something.
A wight comes into view. It is wielding a +2 hand axe.
Something hits you. Something shocks you.
* * * LOW HITPOINT WARNING * * *
Something hits you but does no damage.
You barely miss something.
A wight comes into view. It is wielding a +0 war axe.
A sky beast appears from thin air!
Reactivating autopickup.
The sky beast hits you.
* * * LOW HITPOINT WARNING * * *
The sky beast shocks you.
* * * LOW HITPOINT WARNING * * *
Okay, then.
As you read the scroll of teleportation, it crumbles to dust.
You feel strangely unstable. The sky beast misses you.
The sky beast attacks as you move away! The sky beast closely misses you.
The sky beast flickers out of sight!
Deactivating autopickup; reactivate with Ctrl-A.
Mikeweasel's ghost stares at you. The wight attacks as you move away!
The wight closely misses you. Something hits you.
* * * LOW HITPOINT WARNING * * *
Something shocks you.
You die...

........# ####### ###
........# ##.....## #.)
........###.......## #..
........##...###...###..
........#...##⌠##...##..
#######....##...##...#..
#...##..!..##.....
#z{.#W..♣...+.....
#s..##..?..##..#..
#....##...##...###
#.#...##⌠##...##
#.##...###...##
#.#.........# #..
.......# ### ...# ###


You could see a wight and mikeweasel's ghost.

Vanquished Creatures
  A sky beast (D:5)
  A black bear (D:6)
  2 ogres
  3 phantoms
  A gnoll sergeant (D:5)
  2 scorpions (D:5)
  A hound (D:5)
  2 jellies (D:6)
  A gnoll bouda (D:5)
  Ijyb (D:3)
  An iguana (D:5)
  Robin (D:2)
  13 gnolls
  9 adders
  An ufetubus (D:4)
  A worm (D:4)
  A dart slug (D:1)
  8 orcs
  7 bats
  4 endoplasms
  3 giant cockroaches
  12 goblins
  8 hobgoblins
  3 jackals (D:2)
  5 quokkas
  6 ball pythons
  5 frilled lizards
  5 kobolds
  6 rats
114 creatures vanquished.

Vanquished Creatures (others)
  3 plants (D:5)
3 creatures vanquished.

Grand Total: 117 creatures vanquished

Notes
Turn   | Place    | Note
-------+----------+-------------------------------------------
     0 | D:1      | shadowmeld the Djinni Transmuter began the quest for the
                  | Orb.
     0 | D:1      | shadowmeld set off with the following spells memorised:
                  | Beastly Appendage, Wereblood, Spider Form, Ice Form.
     0 | D:1      | Reached XP level 1. HP: 17/17 MP: 0/0
   468 | D:1      | Reached XP level 2. HP: 21/22 MP: 0/0
  1697 | D:2      | Reached XP level 3. HP: 22/27 MP: 0/0
  1697 | D:2      | Learned a level 1 spell: Sting
  2044 | D:2      | Reached XP level 4. HP: 12/32 MP: 0/0
  2327 | D:2      | Found a white marble altar of Elyvilon.
  2713 | D:2      | Noticed Robin
  2718 | D:2      | Reached skill level 1 in Armour
  2726 | D:2      | Killed Robin
  3028 | D:2      | Reached skill level 3 in Dodging
  3330 | D:3      | Noticed Ijyb
  3343 | D:3      | Killed Ijyb
  3344 | D:3      | Reached XP level 5. HP: 16/38 MP: 0/0
  3344 | D:3      | Learned a level 2 spell: Passwall
  3932 | D:3      | Found a sparkling altar of Nemelex Xobeh.
  4485 | D:4      | Found Ynaisar's CLEARANCE SALE!.
  4489 | D:4      | Bought a scroll of identify for 12 gold pieces
  4556 | D:4      | Found a glowing golden altar of the Shining One.
  4562 | D:4      | Found a white marble altar of Elyvilon.
  4565 | D:4      | Became a worshipper of the Shining One
  5500 | D:5      | Entered Level 5 of the Dungeon
  5507 | D:5      | Reached XP level 6. HP: 17/43 MP: 0/0
  5518 | D:5      | HP: 1/64 [gnoll/+0 spear (4)]
  5829 | D:5      | Found a shadowy altar of Dithmenos.
  6038 | D:5      | Reached XP level 7. HP: 11/49 MP: 0/0
  6038 | D:5      | Learned a level 3 spell: Swiftness
  6644 | D:5      | Found a staircase to the Ecumenical Temple.
  6647 | D:5      | Reached * piety under the Shining One
  6670 | Temple   | Entered the Ecumenical Temple
  6686 | Temple   | Fell from the grace of the Shining One
  6686 | Temple   | Became a worshipper of Ashenzari the Shackled
  6898 | D:5      | Reached skill level 4 in Dodging
  7425 | D:5      | Reached skill level 1 in Evocations
  7425 | D:5      | Reached XP level 8. HP: 36/55 MP: 0/0
  8161 | D:6      | Reached skill level 5 in Dodging
  8172 | D:6      | Found a runed translucent door.
  8183 | D:6      | Noticed mikeweasel's ghost (novice MiFi)
  8220 | D:6      | HP: 2/56 [something (2)]
  8220 | D:6      | Slain by a sky beast

Illustrated notes

Levels and vault maps discovered:
D:1:      amcnicky_arrival_gap_in_the_tavern_cellar, layout_basic,
          minmay_misc_feat_square, wander_ebering_terrifying_dragon_lair
D:2:      layout_basic, basic_altar, hangedman_abyss_or_decor_stabs,
          st_stairs_6, uniq_robin
D:3:      layout_loops_ring, nemelex_xobeh_ov_fountains_minmay, uniq_ijyb
D:4:      minmay_skewed_foursquare, layout_gridville,
          mainiacjoe_overflow_catwalk_spiral, hangedman_decor_diamond_cutter,
          nicolae_concentric_dashed_squares_mild, nicolae_shop_clearance
D:5:      corexii_shack_village, layout_basic,
          mainiacjoe_overflow_cross_hatched, minmay_temple_entry_trees
D:6:      layout_basic, hellmonk_ghost_happy_afterlife, uniq_pikel
Temple:   eino_temple_water

Skill      XL: |  1  2  3  4  5  6  7  8 |
---------------+-------------------------+-----
Spellcasting   | 2 3 4 |  4.9
Armour         | 1 2 3 |  3.0
Dodging        | 3 4 5 |  5.0
Fighting       | 2 3 |  3.2
Unarmed Combat | 4 |  4.9
Evocations     | 1 |  1.8

Action                   |  1- 3 |  4- 6 |  7- 9 || total
-------------------------+-------+-------+-------++-------
Melee: Unarmed           |    92 |   105 |   106 ||   303
       Headbutt          |     8 |    17 |     9 ||    34
       Punch             |     7 |     1 |     2 ||    10
 Cast: Beastly Appendage |    24 |    17 |     5 ||    46
       Sting             |    16 |    60 |    34 ||   110
       Spider Form       |       |     1 |     8 ||     9
Invok: Curse Item        |       |       |     1 ||     1
Evoke: Wand              |       |     8 |    27 ||    35
  Use: Potion            |       |     2 |     1 ||     3
       Scroll            |       |     4 |     2 ||     6
 Stab: Sleeping          |     1 |       |       ||     1
Armor: Robe              |    18 |    14 |     4 ||    36
       Skin              |       |    22 |    15 ||    37
Dodge: Dodged            |    69 |    67 |    82 ||   218
